 Dungeon Crawl Stone Soup version 0.20-a0-201-g851c6fa (webtiles) character file.

1103 kroki the Gouger (level 8, 40/40 HPs)
             Began as a Felid Berserker on Nov 24, 2016.
             Was an Elder of Trog.
             Quit the game on level 8 of the Dungeon.
             The game lasted 00:08:32 (9859 turns).

kroki the Gouger (Felid Berserker)                  Turns: 9859, Time: 00:08:34

Health: 40/40      AC:  2    Str: 13    XL:     8   Next: 10%
Magic:  13/13      EV: 28    Int:  9    God:    Trog [****..]
Gold:   347        SH:  0    Dex: 18    Spells: 7/7 levels left
                                        Lives:  0   Deaths: 2

rFire  . . .     SeeInvis +       - Unarmed
rCold  + . .     Gourm    .     (armour unavailable)
rNeg   . . .     Faith    .     (shield unavailable)
rPois  .         Spirit   .     (helmet unavailable)
rElec  .         Reflect  .     (cloak unavailable)
rCorr  .         Harm     .     (gloves unavailable)
MR     +....                    (boots unavailable)
Stlth  +++.......               (no amulet)
                                i - ring of protection from cold {rC+, !d}
                                y - +3 ring of evasion

@: quick
A: no armour, no weapons or thrown items, stealth, claws 1, fangs 3, see
invisible, carnivore 3, speed 1, shaggy fur 2, slow metabolism 1, sharp paws
a: Berserk, Trog's Hand, Brothers in Arms, Burn Spellbooks, Renounce Religion


You were on level 8 of the Dungeon.
You worshipped Trog.
Trog was greatly pleased with you.
You were not hungry.

You visited 1 branch of the dungeon, and saw 8 of its levels.

You collected 365 gold pieces.
You spent 18 gold pieces at shops.

Inventory:

Jewellery
 c - an uncursed ring of positive energy {rN+}
   (You found it on level 1 of the Dungeon)
 i - a ring of protection from cold (right paw) {rC+, !d}
   (You found it on level 4 of the Dungeon)
 k - an uncursed amulet of magic regeneration
   (You found it on level 2 of the Dungeon)
 y - a +3 ring of evasion (left paw)
   (You found it on level 6 of the Dungeon)
Wands
 b - a wand of acid (7/15)
   (You found it on level 2 of the Dungeon)
 o - a wand of polymorph (12/24)
   (You found it on level 2 of the Dungeon)
 r - a wand of hasting (4/9)
   (You found it on level 4 of the Dungeon)
 t - a wand of iceblast (4/15)
   (You found it on level 6 of the Dungeon)
 w - a wand of flame (10/48)
   (You found it on level 5 of the Dungeon)
Scrolls
 f - a scroll of recharging {unknown}
 h - 3 scrolls of magic mapping {!r}
 j - 4 scrolls of teleportation
 v - 4 scrolls of identify
Potions
 d - a potion of haste {unknown}
 e - 3 potions of curing
 g - a potion of cancellation
 m - a potion of resistance
 n - a potion of might
 p - a potion of agility
 q - 2 potions of lignification {unknown}
 x - 2 potions of heal wounds {unknown}
 z - a potion of flight
 A - a potion of brilliance
Books
 s - a book of Cantrips
   (You found it on level 5 of the Dungeon)
Comestibles
 a - 5 meat rations {@e2}
 l - 2 beef jerkies


   Skills:
 + Level 7.1 Fighting
 + Level 9.1 Dodging
 - Level 2.6 Stealth
 * Level 9.3 Unarmed Combat
 + Level 5.5 Evocations


You had 7 spell levels left.
You didn't know any spells.

Dungeon Overview and Level Annotations

Branches:
Dungeon (8/15)             Temple (0/1) D:4
   Lair: D:8-11

Altars:
Ashenzari
Elyvilon
Nemelex Xobeh
Qazlal
Sif Muna
Trog
Vehumet
Xom

Shops:
D:6 *(=}

Annotations:
D:8 kuniqs's ghost, novice DsFE


Innate Abilities, Weirdness & Mutations

You cannot wear armour.
You are incapable of wielding weapons or throwing items.
Your paws allow you to move quietly. (Stealth)
You have sharp claws.
You have razor-sharp teeth.
You have supernaturally acute eyesight. (SInv)
You are carnivorous and can eat meat at any time.
You cover ground quickly.
You are covered in thick fur. (AC +2)
You have a slow metabolism.
Your sharp claws are effective at attacking unaware monsters.


Message History

Done exploring.
There is a stone staircase leading down here.
You climb downwards.
Found a stone staircase leading down.
There is a stone staircase leading up here.
You can't go down here!
As you read the scroll labeled MIJEJO UTUEM, it crumbles to dust.
Magic quickly surges around you.
It was a scroll of vulnerability.
As you read the scroll labeled NIM DEROOCVUNKOI, it crumbles to dust.
It is a scroll of enchant weapon.
You aren't carrying any weapons that can be enchanted.
As you read the scroll of identify, it crumbles to dust.
A - a potion of brilliance Put on which piece of jewellery? (? for menu, Esc to quit)
You're wearing all the rings you can.
Remove which one? (? for menu, Esc to cancel) < or
f - a ring of see invisible {sInv, !d} > or
i - a ring of protection from cold {rC+, !d} You remove your ring of see invisible {sInv, !d}.
y - a +3 ring of evasion (left paw) Drop what? 27/52 slots (_ for help) (? for menu, Esc to quit)
Really drop
f - an uncursed ring of see invisible {sInv, !d}? [Y]es or [N]o only, please.
Really drop
f - an uncursed ring of see invisible {sInv, !d}?
You drop an uncursed ring of see invisible {sInv, !d}.
Put on which piece of jewellery? (? for menu, Esc to quit)
Okay, then.
Drop what? 26/52 slots (_ for help) (? for menu, Esc to quit)
You remove your amulet of inaccuracy.
You drop an uncursed amulet of inaccuracy.
f - a scroll labeled FATHRE NOLUBOSK A quokka zombie comes into view.
A quokka zombie is nearby!
A quokka zombie is nearby!
A quokka zombie is nearby!
A quokka zombie is nearby!
A quokka zombie is nearby!
A quokka zombie is nearby!
You claw the quokka zombie! Your claw misses the quokka zombie.
The quokka zombie completely misses you.
A quokka zombie is nearby!
You scratch the quokka zombie.
You destroy the quokka zombie!
Trog accepts your kill.
A hound zombie comes into view.
A hound zombie is nearby!
A hound zombie is nearby!
A hound zombie is nearby!
You feel less vulnerable to hostile enchantments.
A hound zombie is nearby!
A hound zombie is nearby!
A hound zombie is nearby!
A hound zombie is nearby!
A hound zombie is nearby!
You barely miss the hound zombie. The hound zombie completely misses you.
A hound zombie is nearby!
You scratch the hound zombie but do no damage.
You bite the hound zombie. The hound zombie closely misses you.
A hound zombie is nearby!
You scratch the hound zombie. The hound zombie closely misses you.
A hound zombie is nearby!
You claw the hound zombie! x2
You destroy the hound zombie!
Trog accepts your kill.
v - 4 scrolls of identify (gained 1)
You found a teleport trap!
Found a stone staircase leading up.
There is a stone staircase leading up here.
Kuniqs's ghost (novice Demonspawn Fire Elementalist) comes into view.
It is wielding a weapon of distortion.
Aim: kuniqs's ghost, wielding a weapon of distortion (hasn't noticed you)
The bolt of acid misses kuniqs's ghost.
This wand has 10 charges left.
Aim: kuniqs's ghost, wielding a weapon of distortion The bolt of acid hits kuniqs's ghost.
Kuniqs's ghost is splashed with acid.
This wand has 9 charges left.
Aim: kuniqs's ghost, wielding a weapon of distortion (moderately damaged)
The bolt of acid hits kuniqs's ghost.
Kuniqs's ghost is splashed with acid.
The acid corrodes kuniqs's ghost!
This wand has 8 charges left.
Aim: kuniqs's ghost, wielding a weapon of distortion (heavily damaged, covered in acid)
The bolt of acid hits kuniqs's ghost.
Kuniqs's ghost is splashed with acid.
This wand has 7 charges left.
Kuniqs's ghost casts a spell at you. The spray of energy hits you!
Ouch! That really hurt!
You are confused.
You take 22 damage, and have 21/43 hp.
MASSIVE DAMAGE!!
You feel better.
You regained 11 hp, and now have 32/43 hp.
Your skin crawls.
You feel resistant to hostile enchantments.
You feel somewhat less full.
Kuniqs's ghost points at you and mumbles some strange words.
The fireball explodes!
The fireball engulfs you!
Ouch! That really hurt!
You die...
You are now level 8!
You rejoin the land of the living...
Health restored: 40 You now have 13/13 mp.
Unknown command.

##.........
#.........#
#.........#
#.........#
#........#
#........#
#........#
#....@...#
#.......##
#.......##
#.....###
#.....
#.....
.......
?......


There were no monsters in sight!

Vanquished Creatures
  Pikel (D:5)
  A hornet (D:7)
  The ghost of kroki the Cleaver, an amateur MiBe of Trog (D:5)
  A hippogriff (D:7)
  Edmund (D:6)
  An orc warrior (D:7)
  A sky beast (D:5)
  2 ice beasts (D:7)
  3 ogres
  A centaur (D:5)
  A bullfrog (D:7)
  A water moccasin skeleton (D:7)
  3 killer bees (D:7)
  A crimson imp (D:5)
  A centaur zombie (D:7)
  A quasit (D:5)
  3 bullfrog skeletons
  3 bullfrog zombies
  3 hounds
  A gnoll shaman (D:7)
  Crazy Yiuf (D:6)
  5 orc priests
  Ijyb (D:2)
  4 orc wizards
  5 worker ants
  2 hound zombies
  2 hound skeletons
  3 worker ant zombies
  13 gnolls
  A howler monkey skeleton (D:5)
  An ooze (D:3)
  2 adder zombies (D:6)
  3 worms
  6 dart slugs
  11 leopard geckos
  17 orcs
  5 giant cockroaches
  8 goblins
  5 hobgoblins
  7 jackals
  4 quokkas
  A ball python (D:4)
  2 bats
  5 frilled lizards
  A giant cockroach zombie (D:3)
  A jackal skeleton (D:6)
  7 kobolds
  A quokka skeleton (D:5)
  A quokka zombie (D:8)
  9 rats
165 creatures vanquished.

Vanquished Creatures (others)
  A slave (D:5)
  A centaur (D:5)
  An ogre (D:5)
  A crimson imp (D:5)
  A bullfrog zombie (D:5)
  An adder zombie (D:5)
  A worm (D:5)
7 creatures vanquished.

Grand Total: 172 creatures vanquished

Notes
Turn   | Place    | Note
-------+----------+-------------------------------------------
     0 | D:1      | kroki the Felid Berserker began the quest for the Orb.
     0 | D:1      | Reached XP level 1. HP: 10/10 MP: 2/2
   336 | D:1      | Reached XP level 2. HP: 11/14 MP: 3/3
   633 | D:1      | Reached skill level 1 in Stealth
  1138 | D:1      | Reached XP level 3. HP: 14/17 MP: 4/4
  1271 | D:1      | Reached ** piety under Trog
  1362 | D:1      | Found a shattered altar of Ashenzari.
  1613 | D:2      | Noticed Ijyb
  1625 | D:2      | Killed Ijyb
  1795 | D:2      | HP: 1/17 [goblin (4)]
  2090 | D:2      | Reached XP level 4. HP: 21/21 MP: 5/5
  2384 | D:2      | Reached skill level 4 in Unarmed Combat
  2689 | D:3      | Found a faded altar of an unknown god.
  2960 | D:3      | Reached skill level 5 in Dodging
  2960 | D:3      | Reached skill level 2 in Stealth
  3150 | D:3      | Reached XP level 5. HP: 21/24 MP: 6/6
  3407 | D:3      | Found a sparkling altar of Nemelex Xobeh.
  3987 | D:4      | Reached skill level 4 in Fighting
  4116 | D:4      | Gained mutation: You are covered in thick fur. (AC +2) [Felid growth]
  4116 | D:4      | Reached XP level 6. HP: 28/28 MP: 7/7
  4311 | D:4      | Reached skill level 5 in Unarmed Combat
  4311 | D:4      | Reached skill level 1 in Evocations
  4529 | D:4      | Reached skill level 6 in Dodging
  4529 | D:4      | Reached skill level 2 in Evocations
  4529 | D:4      | Reached XP level 7. HP: 33/33 MP: 9/9
  5044 | D:4      | Reached *** piety under Trog
  5045 | D:4      | Found a shimmering altar of Xom.
  5084 | D:4      | Found a deep blue altar of Sif Muna.
  5236 | D:4      | Found a staircase to the Ecumenical Temple.
  5489 | D:5      | Entered Level 5 of the Dungeon
  5521 | D:5      | Found a white marble altar of Elyvilon.
  5543 | D:5      | HP: 7/33 [centaur/arrow (16)]
  5902 | D:5      | Found a stormy altar of Qazlal.
  6103 | D:5      | Reached skill level 6 in Unarmed Combat
  6307 | D:5      | Noticed kroki's ghost (amateur MiBe)
  6323 | D:5      | Noticed Pikel
  6329 | D:5      | Killed kroki's ghost
  6329 | D:5      | Reached skill level 5 in Fighting
  6329 | D:5      | Reached skill level 3 in Evocations
  6345 | D:5      | Killed Pikel
  6345 | D:5      | Reached skill level 7 in Dodging
  6345 | D:5      | Reached skill level 7 in Unarmed Combat
  6345 | D:5      | Reached skill level 4 in Evocations
  6345 | D:5      | Reached XP level 8. HP: 25/38 MP: 10/12
  6531 | D:5      | Found a white marble altar of Elyvilon.
  6662 | D:5      | Found a bloodstained altar of Trog.
  7147 | D:6      | Noticed Edmund
  7184 | D:6      | Killed Edmund
  7184 | D:6      | Reached skill level 6 in Fighting
  7235 | D:6      | Found Ipnus's Antique Weapon Boutique.
  7263 | D:6      | Found Gaisu's Jewellery Emporium.
  7325 | D:6      | Found Dixtuzu's Assorted Antiques.
  7476 | D:6      | Reached skill level 8 in Dodging
  7790 | D:6      | Bought a bubbling inky potion for 18 gold pieces
  7882 | D:6      | Found Oqosac's Gadget Shop.
  7918 | D:6      | Reached skill level 8 in Unarmed Combat
  8027 | D:6      | Reached **** piety under Trog
  8027 | D:6      | Reached XP level 9. HP: 38/42 MP: 13/13
  8100 | D:6      | Found a runed door.
  8125 | D:6      | Noticed Crazy Yiuf
  8136 | D:6      | Killed Crazy Yiuf
  8418 | D:7      | HP: 8/42 [hippogriff (7)]
  8419 | D:7      | Slain by a hippogriff
  8420 | D:7      | Reached XP level 8. HP: -1/58 MP: 12/12
  8450 | D:7      | Killed a hippogriff
  8450 | D:7      | Reached skill level 5 in Evocations
  9050 | D:7      | Reached skill level 7 in Fighting
  9059 | D:7      | Reached skill level 9 in Dodging
  9059 | D:7      | Reached skill level 9 in Unarmed Combat
  9109 | D:7      | Reached XP level 9. HP: 43/43 MP: 14/14
  9354 | D:7      | Found a radiant altar of Vehumet.
  9847 | D:8      | Noticed kuniqs's ghost (novice DsFE)
  9858 | D:8      | Killed from afar by kuniqs's ghost
  9859 | D:8      | Reached XP level 8. HP: -11/40 MP: 13/13
  9859 | D:8      | Quit the game

Vault maps used:
D:1:      dpeg_arrival_rooms_a, evilmike_ruin_ashenzari
D:2:      uniq_iyjb
D:3:      kennysheep_big_flooded_room, chequers_ecumenical_altar_lobes,
          minmay_fountain_box, nemelex_dance_club_becter
D:4:      led_sif_pool, corner_web_ring, xom_teletrap_fun
D:5:      kennysheep_little_box, lemuel_doored_altar, elyvilon_altar_5,
          first_bread, minmay_ruined_shrine, uniq_pikel
D:6:      serial_undead, serial_undead_b, serial_undead_d, serial_undead_f,
          serial_undead_e, serial_shops, shop, shop, shop, shop,
          uniq_crazy_yiuf_cottage, uniq_edmund
D:7:      wad_river_or_something, vehumet_crystals
D:8:      blue_anna_alchemist

Skill      XL: |  1  2  3  4  5  6  7  8 |
---------------+-------------------------+-----
Stealth        | 1 2 |  2.6
Unarmed Combat | 4 5 7 9 |  9.3
Dodging        | 5 6 7 9 |  9.1
Fighting       | 4 5 7 |  7.1
Evocations     | 2 4 5 |  5.5

Action                   |  1- 3 |  4- 6 |  7- 9 || total
-------------------------+-------+-------+-------++-------
Melee: Unarmed           |    80 |   141 |   373 ||   594
       Bite              |     8 |    21 |    42 ||    71
       Punch             |     2 |     4 |    11 ||    17
Invok: Berserk           |     9 |     7 |    11 ||    27
       Trog's Hand       |       |       |     1 ||     1
Evoke: Wand              |       |       |     5 ||     5
  Use: Scroll            |     5 |     5 |     6 ||    16
       Potion            |     4 |       |     2 ||     6
 Stab: Sleeping          |     1 |       |     3 ||     4
       Distracted        |     1 |       |       ||     1
  Eat: Chunk             |    16 |    13 |    24 ||    53
Armor: Skin              |     2 |     4 |    10 ||    16
Dodge: Dodged            |    68 |    97 |   334 ||   499

Vault maps used:
D:1:      dpeg_arrival_rooms_a, evilmike_ruin_ashenzari
D:2:      uniq_iyjb
D:3:      kennysheep_big_flooded_room, chequers_ecumenical_altar_lobes,
          minmay_fountain_box, nemelex_dance_club_becter
D:4:      led_sif_pool, corner_web_ring, xom_teletrap_fun
D:5:      kennysheep_little_box, lemuel_doored_altar, elyvilon_altar_5,
          first_bread, minmay_ruined_shrine, uniq_pikel
D:6:      serial_undead, serial_undead_b, serial_undead_d, serial_undead_f,
          serial_undead_e, serial_shops, shop, shop, shop, shop,
          uniq_crazy_yiuf_cottage, uniq_edmund
D:7:      wad_river_or_something, vehumet_crystals
D:8:      blue_anna_alchemist

Table legend:
 A = Turns spent in this place as a percentage of turns spent in the entire game.
 B = Non-inter-level travel turns spent in this place as a percentage of non-inter-level travel turns spent in the entire game.
 C = Inter-level travel turns spent in this place as a percentage of turns spent in this place.
 D = Turns resting spent in this place as a percentage of non-inter-level travel turns spent in this place.
 E = Turns spent auto-exploring this place as a percentage of non-inter-level travel turns spent in this place.
 F = Non-inter-level travel turns spent in this place divided by the number of levels of this place that you've seen.
                   A       B       C       D       E      F
               +-------+-------+-------+-------+-------+----------------------
         Total | 100.0 | 100.0 |   0.2 |   1.7 |  11.2 | 476.9
       Dungeon | 100.0 | 100.0 |   0.2 |   1.7 |  11.2 | 476.9
               +-------+-------+-------+-------+-------+----------------------

Table legend:
 A = Kills in this place as a percentage of kills in entire the game.
 B = Kills by you in this place as a percentage of kills by you in the entire game.
 C = Kills by friends in this place as a percentage of kills by friends in the entire game.
 D = Other kills in this place as a percentage of other kills in the entire game.
 E = Experience gained in this place as a percentage of experience gained in the entire game.
 F = Experience gained in this place divided by the number of levels of this place that you have seen.
                   A       B       C       D       E      F
               +-------+-------+-------+-------+-------+----------------------
         Total | 100.0 | 100.0 |  -nan |  -nan | 100.0 | 588.0
       Dungeon | 100.0 | 100.0 |  -nan |  -nan | 100.0 | 588.0
               +-------+-------+-------+-------+-------+----------------------
